 Dungeon Sprint DCSS version 0.22-a0-425-g89d60a1 (webtiles) character file.

2165 jerryfan the Nimble (level 9, -6/111 HPs)
             Began as a Gnoll Wanderer on May 24, 2018.
             Was a Priest of Trog.
             Killed by divine providence
             ... invoked by an orc priest
              (14 damage)
             ... in the Dungeon (Sprint III: "The Ten Rune Challenge").
             The game lasted 00:13:15 (1565 turns).

jerryfan the Nimble (Gnoll Wanderer)                Turns: 1565, Time: 00:13:15

Health: -6/111     AC:  9    Str: 24    XL:     9   Next: 32%
Magic:  19/20      EV: 16    Int: 14    God:    Trog [***...]
Gold:   31         SH:  0    Dex: 14    Spells: 22/22 levels left

rFire    + . .     SeeInvis .   a - +2 dagger
rCold    . . .     Gourm    .   (no shield)
rNeg     . . .     Faith    .   c - +0 ring mail {rF+}
rPois    .         Spirit   .   (no helmet)
rElec    .         Reflect  .   (no cloak)
rCorr    .         Harm     .   l - +0 pair of gloves
MR       ++...     NoTele   +   (no boots)
Stlth    ..........             (no amulet)
HPRegen  1.28/turn              (no ring)
MPRegen  0.17/turn              (no ring)

@: berserking (expiring), regenerating, very quick
A: distributed training, fangs 1, rugged brown scales 1, wild magic 1, strong
nose
a: Berserk, Trog's Hand, Renounce Religion


You were in the Dungeon.
You worshipped Trog.
Trog was most pleased with you.
You were not hungry.

You visited 1 branch You collected 31 gold pieces.

Inventory:

Hand Weapons
 a - a +2 dagger (weapon)
 b - a +0 club
 k - a +1 long sword of holy wrath
 u - a +0 dire flail
Missiles
 p - 5 needles of sleeping
Armour
 c - a +0 ring mail of fire resistance (worn)
 e - a +0 robe
 l - a +0 pair of gloves (worn)
Scrolls
 j - a scroll of torment {unknown}
 m - a scroll of enchant weapon {unknown}
 o - 2 scrolls of identify
 q - a scroll of immolation {unknown}
 r - a scroll of magic mapping {unknown}
 s - a scroll of amnesia {unknown}
Potions
 d - a potion of heal wounds
 g - 2 potions of mutation
 h - 2 potions of haste
 i - 2 potions of magic
Comestibles
 f - 2 rations


   Skills:
 + Level 7.4 Fighting
 + Level 7.4 Short Blades
 + Level 8.8 Long Blades
 + Level 7.4 Axes
 + Level 7.4 Maces & Flails
 + Level 7.4 Polearms
 + Level 7.4 Staves
 + Level 7.4 Slings
 + Level 7.4 Bows
 + Level 7.4 Crossbows
 + Level 8.8 Throwing
 + Level 7.4 Armour
 + Level 8.8 Dodging
 + Level 7.8 Stealth
 + Level 7.4 Shields
 + Level 7.4 Unarmed Combat
 + Level 7.4 Spellcasting
 + Level 6.1 Conjurations
 + Level 6.1 Hexes
 + Level 6.1 Charms
 + Level 8.3 Summonings
 + Level 6.1 Necromancy
 + Level 6.1 Translocations
 + Level 6.1 Transmutations
 + Level 6.1 Fire Magic
 + Level 6.1 Ice Magic
 + Level 6.1 Air Magic
 + Level 6.1 Earth Magic
 + Level 6.1 Poison Magic
 + Level 8.1 Invocations
 + Level 7.4 Evocations


You had 22 spell levels left.
You didn't know any spells.
Your spell library contained the following spells:

 Spells                   Type           Power        Failure   Level  Hunger
 Magic Dart               Conj           ####         3%          1    None
 Conjure Flame            Conj/Fire      ####....     8%          3    ##.....
 Slow                     Hex            ####....     4%          2    None
 Mephitic Cloud           Conj/Pois/Air  ####....     8%          3    ##.....
 Blink                    Tloc           N/A          4%          2    None
 Call Imp                 Summ           #####...     2%          2    None


Dungeon Overview and Level Annotations

Branches:
Dungeon (1/1)

Altars:
Cheibriados
Dithmenos
Elyvilon
Fedhas
Gozag
Hepliaklqana
Kikubaaqudgha
Makhleb
Nemelex Xobeh
Okawaru
Qazlal
Ru
Sif Muna
Trog
Uskayaw
Vehumet
Wu Jian
Xom
Yredelemnul
Zin
The Shining One
Beogh
Jiyva
Lugonu

Shops:
D *


Innate Abilities, Weirdness & Mutations

Your experience applies equally to all skills.
You have very sharp teeth.
Your uncanny sense of smell can sniff out nearby items.
You are partially covered in rugged brown scales. (AC +1, +3% HP)
Your spells are a little harder to cast, but a little more powerful.


Message History

You hit the orc knight.
You feel the power of Trog in you as your rage grows.
You kill the orc knight!
Trog accepts your kill.
Your Conjurations skill increases to level 6!
Your Hexes skill increases to level 6!
Your Charms skill increases to level 6!
Your Necromancy skill increases to level 6!
Your Translocations skill increases to level 6!
Your Transmutations skill increases to level 6!
Your Fire Magic skill increases to level 6!
Your Ice Magic skill increases to level 6!
Your Air Magic skill increases to level 6!
Your Earth Magic skill increases to level 6!
Your Poison Magic skill increases to level 6!
Your Invocations skill increases to level 8!
You hit the orc knight but do no damage.
The orc knight is severely wounded.
The orc priest mumbles some strange prayers to Beogh against you.
Beogh smites you!
You die...

▓▓▓ ▓▓▓ ##.############∆$$##
# ##..#___#___#__##o$$#∩##
.#..#...#__.#._#{oo..o.. ∆
.#..###'#'###'##ooooo...
'#..#..........#o$^ooo..∆
#...'.⌠........#o#o ∆∆∆
#...#...######'#o# ∆ ∆
....#.⌠.#__#...#@###########
....#[).#__#...#....#.#.#..
....#'###__#...##.#).#.##.#
....#)..#__#...+##.#.#.##.#
....#___#__+...#...#..#))##
▓▓▓▓▓▓▓▓▓▓▓▓▓▓▓▓▓▓▓▓▓▓▓▓▓▓


You could see an orc knight, 3 orc warriors, an orc priest and 3 orcs.

Vanquished Creatures
  An orc knight (D)
  A deep elf mage (D)
  A shadow (D)
  A spatial vortex (D)
  A necrophage (D)
  4 two-headed ogres (D)
  A water elemental (D)
  A jelly (D)
  A wizard (D)
  Jessica (D)
  A necromancer (D)
  3 humans (D)
  A kobold demonologist (D)
  2 oozes (D)
  A phantom (D)
  A rat (D)
22 creatures vanquished.

Vanquished Creatures (others)
  2 draconian scorchers (D)
  2 yaktaurs (D)
  6 hellions (D)
  2 plants (D)
12 creatures vanquished.

Grand Total: 34 creatures vanquished

Notes
Turn   | Place    | Note
-------+----------+-------------------------------------------
     0 | D        | jerryfan the Gnoll Wanderer began the quest for the Orb.
     0 | D        | jerryfan set off with: a +2 dagger, a scroll of fear, 2 potions of curing, a potion of lignification, a +0 robe, a ration, a potion of heal wounds, a potion of haste, 2 potions of magic, a potion of berserk rage, a scroll of blinking
     0 | D        | Reached XP level 1. HP: 13/13 MP: 1/1
    10 | D        | Reached skill level 1 in Invocations
    14 | D        | Reached skill level 1 in Fighting
    14 | D        | Reached skill level 1 in Short Blades
    14 | D        | Reached skill level 1 in Axes
    14 | D        | Reached skill level 1 in Maces & Flails
    14 | D        | Reached skill level 1 in Polearms
    14 | D        | Reached skill level 1 in Staves
    14 | D        | Reached skill level 1 in Slings
    14 | D        | Reached skill level 1 in Bows
    14 | D        | Reached skill level 1 in Crossbows
    14 | D        | Reached skill level 1 in Armour
    14 | D        | Reached skill level 1 in Shields
    14 | D        | Reached skill level 1 in Unarmed Combat
    14 | D        | Reached skill level 1 in Spellcasting
    14 | D        | Reached skill level 1 in Evocations
    14 | D        | Reached XP level 2. HP: 21/21 MP: 1/3
    40 | D        | Reached skill level 1 in Conjurations
    40 | D        | Reached skill level 1 in Hexes
    40 | D        | Reached skill level 1 in Charms
    40 | D        | Reached skill level 1 in Necromancy
    40 | D        | Reached skill level 1 in Translocations
    40 | D        | Reached skill level 1 in Transmutations
    40 | D        | Reached skill level 1 in Fire Magic
    40 | D        | Reached skill level 1 in Ice Magic
    40 | D        | Reached skill level 1 in Air Magic
    40 | D        | Reached skill level 1 in Earth Magic
    40 | D        | Reached skill level 1 in Poison Magic
    42 | D        | Noticed Jessica
    45 | D        | Killed a yaktaur
    49 | D        | Killed Jessica
    49 | D        | Reached skill level 5 in Long Blades
    49 | D        | Reached skill level 5 in Throwing
    49 | D        | Reached skill level 5 in Dodging
    49 | D        | Reached XP level 3. HP: 20/27 MP: 3/6
    83 | D        | Killed a hellion
   119 | D        | Killed a hellion
   119 | D        | Killed a hellion
   141 | D        | Reached XP level 4. HP: 33/33 MP: 7/7
   151 | D        | Killed a white draconian scorcher
   160 | D        | Killed a white draconian scorcher
   173 | D        | Killed a hellion
   195 | D        | Gained mutation: You are partially covered in rugged brown scales. (AC +1, +3% HP) [potion of mutation]
   195 | D        | Gained mutation: Your spells are a little harder to cast, but a little more powerful. [potion of mutation]
   198 | D        | Killed a hellion
   204 | D        | Noticed a water elemental
   212 | D        | Killed a water elemental
   258 | D        | Killed a hellion
   373 | D        | Found a radiant altar of Vehumet.
   373 | D        | Found a deep blue altar of Sif Muna.
   373 | D        | Found an ancient bone altar of Kikubaaqudgha.
   373 | D        | Noticed a wizard
   381 | D        | Found a hide-covered altar of Uskayaw.
   381 | D        | Found a roughly hewn altar of Beogh.
   381 | D        | Found an iron altar of Okawaru.
   381 | D        | Found a bloodstained altar of Trog.
   381 | D        | Found an ornate altar of the Wu Jian Council.
   381 | D        | Noticed a human
   384 | D        | Noticed a human
   421 | D        | Killed a human
   421 | D        | Reached XP level 5. HP: 34/43 MP: 8/11
   421 | D        | Reached XP level 6. HP: 39/49 MP: 8/12
   628 | D        | Killed a human
   628 | D        | Reached skill level 5 in Stealth
   628 | D        | Reached skill level 5 in Invocations
   805 | D        | Found a basalt altar of Yredelemnul.
   805 | D        | Found a shadowy altar of Dithmenos.
   805 | D        | Found a sacrificial altar of Ru.
   805 | D        | Noticed a necrophage
   814 | D        | Became a worshipper of Trog the Wrathful
   824 | D        | Killed a necrophage
   824 | D        | Reached skill level 5 in Fighting
   824 | D        | Reached skill level 5 in Short Blades
   824 | D        | Reached skill level 5 in Axes
   824 | D        | Reached skill level 5 in Maces & Flails
   824 | D        | Reached skill level 5 in Polearms
   824 | D        | Reached skill level 5 in Staves
   824 | D        | Reached skill level 5 in Slings
   824 | D        | Reached skill level 5 in Bows
   824 | D        | Reached skill level 5 in Crossbows
   824 | D        | Reached skill level 5 in Armour
   824 | D        | Reached skill level 5 in Shields
   824 | D        | Reached skill level 5 in Unarmed Combat
   824 | D        | Reached skill level 5 in Spellcasting
   824 | D        | Reached skill level 5 in Evocations
   824 | D        | Reached XP level 7. HP: 55/57 MP: 14/14
   832 | D        | Reached * piety under Trog
   845 | D        | Noticed a shadow
   860 | D        | Reached ** piety under Trog
   912 | D        | Found a glowing silver altar of Zin.
   912 | D        | Found a glowing golden altar of the Shining One.
   912 | D        | Found a white marble altar of Elyvilon.
   913 | D        | Noticed a deep elf mage
   915 | D        | Killed a deep elf mage
   915 | D        | Reached skill level 5 in Conjurations
   915 | D        | Reached skill level 5 in Hexes
   915 | D        | Reached skill level 5 in Charms
   915 | D        | Reached skill level 5 in Necromancy
   915 | D        | Reached skill level 5 in Translocations
   915 | D        | Reached skill level 5 in Transmutations
   915 | D        | Reached skill level 5 in Fire Magic
   915 | D        | Reached skill level 5 in Ice Magic
   915 | D        | Reached skill level 5 in Air Magic
   915 | D        | Reached skill level 5 in Earth Magic
   915 | D        | Reached skill level 5 in Poison Magic
   915 | D        | Reached XP level 8. HP: 65/65 MP: 14/17
   937 | D        | Killed a shadow
   941 | D        | Reached *** piety under Trog
   973 | D        | Found a blossoming altar of Fedhas.
   973 | D        | Found a stormy altar of Qazlal.
   973 | D        | Found a snail-covered altar of Cheibriados.
   973 | D        | Found a burning altar of Makhleb.
   973 | D        | Found a shimmering altar of Xom.
   974 | D        | Found a hazy altar of Hepliaklqana.
   974 | D        | Found an opulent altar of Gozag.
   974 | D        | Found a sparkling altar of Nemelex Xobeh.
   974 | D        | Found a corrupted altar of Lugonu.
   974 | D        | Found a viscous altar of Jiyva.
  1080 | D        | Received a gift from Trog
  1225 | D        | Noticed a two-headed ogre
  1250 | D        | Killed a two-headed ogre
  1250 | D        | Reached **** piety under Trog
  1250 | D        | Reached XP level 9. HP: 16/74 MP: 17/19
  1265 | D        | Killed a yaktaur
  1531 | D        | Noticed an orc knight
  1531 | D        | Found Heluczu's General Store.
  1531 | D        | Noticed an orc knight
  1556 | D        | HP: 3/111 [orc priest/divine providence (12)]
  1564 | D        | Killed an orc knight
  1565 | D        | Killed from afar by an orc priest

Vault maps used:
D:        dungeon_sprint_mu

Skill      XL: |  1  2  3  4  5  6  7  8  9 |
---------------+----------------------------+-----
Invocations    | 1 2 4 5 6 7 8 |  8.1
Fighting       | 1 2 4 5 6 7 |  7.4
Short Blades   | 1 2 4 5 6 7 |  7.4
Axes           | 1 2 4 5 6 7 |  7.4
Maces & Flails | 1 2 4 5 6 7 |  7.4
Polearms       | 1 2 4 5 6 7 |  7.4
Staves         | 1 2 4 5 6 7 |  7.4
Slings         | 1 2 4 5 6 7 |  7.4
Bows           | 1 2 4 5 6 7 |  7.4
Crossbows      | 1 2 4 5 6 7 |  7.4
Armour         | 1 2 4 5 6 7 |  7.4
Shields        | 1 2 4 5 6 7 |  7.4
Unarmed Combat | 1 2 4 5 6 7 |  7.4
Spellcasting   | 1 2 4 5 6 7 |  7.4
Evocations     | 1 2 4 5 6 7 |  7.4
Conjurations   | 1 3 4 5 6 |  6.1
Hexes          | 1 3 4 5 6 |  6.1
Charms         | 1 3 4 5 6 |  6.1
Necromancy     | 1 3 4 5 6 |  6.1
Translocations | 1 3 4 5 6 |  6.1
Transmutations | 1 3 4 5 6 |  6.1
Fire Magic     | 1 3 4 5 6 |  6.1
Ice Magic      | 1 3 4 5 6 |  6.1
Air Magic      | 1 3 4 5 6 |  6.1
Earth Magic    | 1 3 4 5 6 |  6.1
Poison Magic   | 1 3 4 5 6 |  6.1
Long Blades    | 5 6 7 8 |  8.8
Throwing       | 5 6 7 8 |  8.8
Dodging        | 5 6 7 8 |  8.8
Stealth        | 3 4 5 6 7 |  7.8
Summonings     | 6 7 8 |  8.3

Action                   |  1- 3 |  4- 6 |  7- 9 || total
-------------------------+-------+-------+-------++-------
Melee: Dagger            |    26 |    78 |    64 ||   168
       Bite              |     4 |     9 |    18 ||    31
       Punch             |       |     2 |     3 ||     5
Invok: Berserk           |       |       |     6 ||     6
       Trog's Hand       |       |       |     1 ||     1
       Brothers in Arms  |       |       |     1 ||     1
Evoke: Sack of spiders   |       |       |     1 ||     1
  Use: Potion            |     2 |     7 |       ||     9
       Scroll            |       |     3 |       ||     3
 Stab: Sleeping          |     1 |     1 |     2 ||     4
  Eat: Ration            |       |       |     2 ||     2
       Chunk             |       |       |     2 ||     2
Armor: Robe              |     1 |     3 |       ||     4
       Skin              |       |    11 |       ||    11
       Ring mail         |       |     5 |     1 ||     6
Dodge: Dodged            |    13 |    15 |    20 ||    48

Table legend:
 A = Spawn XP
 B = Non-spawn XP
 C = Spawn XP percentage of total XP
 D = Spawn monster count
 E = Non-spawn monster count
 F = Spawn count percentage of total count
 G = Total turns spent on level
                    A         B        C        D         E        F      G
               +---------+---------+-------+---------+---------+-------+---------
         Total |       0 |    3093 |   0.0 |       0 |      22 |   0.0 |  1565
               +---------+---------+-------+---------+---------+-------+---------
             D |       0 |    3093 |   0.0 |       0 |      22 |   0.0 |  1565
               +---------+---------+-------+---------+---------+-------+---------
